 Dungeon Crawl Stone Soup version 0.28-a0-883-gc8d7bad45d (webtiles) character file.

Game seed: 12030187229505861335

90 Anon1729 the Insei (level 4, 0/29 HPs)
             Began as an Octopode Transmuter on Nov 21, 2021.
             Slain by an orc (3 damage)
             ... on level 2 of the Dungeon.
             The game lasted 00:01:42 (2614 turns).

Anon1729 the Insei (Octopode Transmuter)            Turns: 2614, Time: 00:01:42

Health: 0/29       AC:  1    Str:  9    XL:     4   Next: 56%
Magic:  7/7        EV: 13    Int: 16    God:
Gold:   87         SH:  0    Dex: 12    Spells: 4/7 levels left

rFire   . . .      SeeInvis .     - Unarmed
rCold   . . .      Faith    .   (no shield)
rNeg    . . .      Spirit   .   (helmet restricted)
rPois   .          Reflect  .   (no amulet)
rElec   .          Harm     .   (no ring)
rCorr   .          Rampage  .   (no ring)
Will    .....                   (no ring)
Stlth   ++........              (no ring)
HPRegen 0.09/turn               (no ring)
MPRegen 0.10/turn               (no ring)
                                (no ring)
                                (no ring)

@: no status effects
A: almost no armour, amphibious, 8 rings, camouflage 1, gelatinous body 1,
(nimble swimmer 1), tentacles
a: no special abilities


You were on level 2 of the Dungeon.
You visited 1 branch of the dungeon, and saw 3 of its levels.

You collected 87 gold pieces.

Inventory:

Jewellery
 e - a ring of wizardry
Wands
 g - a wand of flame (14)
Scrolls
 b - 2 scrolls of fear {unknown}
 c - a scroll of immolation {unknown}
 d - a scroll of torment {unknown}
 f - 3 scrolls of teleportation {unknown}
Potions
 a - a potion of haste {unknown}
 h - a potion of might {unknown}
 i - a potion of mutation {unknown}
 j - a potion of heal wounds {unknown}


   Skills:
 + Level 1.8 Fighting
 + Level 2.5 Dodging
 * Level 3.8 Unarmed Combat
 + Level 2.4 Spellcasting
 * Level 2.7 Transmutations


You had 4 spell levels left.
You knew the following spells:

 Your Spells              Type           Power      Damage    Failure   Level
a - Beastly Appendage     Tmut           20%        N/A       6%          1
b - Wereblood             Tmut           10%        N/A       10%         2

Your spell library contained the following spells:

 Spells                   Type           Power      Damage    Failure   Level
 Spider Form              Tmut/Pois      6%         N/A       34%         3
 Ice Form                 Ice/Tmut       6%         N/A       75%         4


Dungeon Overview and Level Annotations

Branches:
Dungeon (3/15)

Altars:
Yredelemnul

Shops:
D:1 [


Innate Abilities, Weirdness & Mutations

You cannot wear most types of armour.
You are amphibious.
You can wear up to eight rings at the same time.
Your skin changes colour to match your surroundings (Stealth+).
Your rubbery body absorbs attacks. (AC +1, EV +1)
((You are camouflaged near water. (Stealth+)))
You have tentacles for arms and can constrict up to eight enemies at once.


Message History

The orc shouts! x2
There is a stone staircase leading up here.
You barely miss the orc. You grab the orc.
You squeeze the orc, but do no damage. You constrict the orc.
The orc hits you with a +1 short sword of protection.
You release your grip on the orc.
The orc misses you.
You climb upwards.
There is a stone staircase leading down here.
You closely miss the orc. Your grab misses the orc. You squeeze the orc.
The orc is almost dead.
The orc hits you with a +1 short sword of protection.
The orc completely misses you.
You barely miss the orc. You grab the orc.
You squeeze the orc, but do no damage.
The orc is almost dead.
You constrict the orc, but do no damage.
The orc hits you with a +1 short sword of protection.
The orc hits you with a +2 vorpal hand axe!
You are too injured to fight recklessly!
You are too injured to fight recklessly!
You are too injured to fight recklessly!
You are too injured to fight recklessly!
You are too injured to fight recklessly!
You are too injured to fight recklessly!
You are too injured to fight recklessly!
You are too injured to fight recklessly!
You are too injured to fight recklessly!
You are too injured to fight recklessly!
You are too injured to fight recklessly!
You are too injured to fight recklessly!
You barely miss the orc.
The orc is almost dead.
You constrict the orc.
You kill the orc!
You tentacle-slap the orc. You grab the orc. You squeeze the orc.
The orc is severely wounded.
You constrict the orc.
The orc hits you with a +2 vorpal hand axe!
* * * LOW HITPOINT WARNING * * *
You die...

#..........###.....#.......#.##
#..........# #........#......#
##.###########........#......###
##.# #................... #..#
#.####.#.###.###[.## #.## #.#
#.#..##.# #..## #.# ###.#
##.##....###...# ##.#
##...###..###.#..##.... #..#
#..##)@..## #.#..#..... #.##
######....o#### #..#....... #.#
#....>.####..## #....#.....
#.####.####.# ##..####....#.....
#......#....# ##.........######
#..###...############.......# #
#.##...### ##.........#...#.# #
..#..### #..)############.# #
#...## #....## #.# #


You could see an orc.

Vanquished Creatures
  2 adders
  A gnoll (D:1)
  3 dart slugs
  An orc (D:2)
  5 bats
  10 endoplasms
  3 giant cockroaches
  6 goblins
  3 hobgoblins
  5 kobolds
  3 quokkas (D:1)
  2 ball pythons
  2 frilled lizards (D:1)
  4 rats
50 creatures vanquished.

Notes
Turn   | Place    | Note
-------+----------+-------------------------------------------
     0 | D:1      | Anon1729 the Octopode Transmuter began the quest for the
                  | Orb.
     0 | D:1      | Reached XP level 1. HP: 13/13 MP: 3/3
    28 | D:1      | Found Jinygus's Armour Boutique.
    71 | D:1      | Reached XP level 2. HP: 10/18 MP: 5/5
    82 | D:1      | Learned a level 2 spell: Wereblood
   562 | D:1      | Reached XP level 3. HP: 10/23 MP: 6/6
  1365 | D:2      | Reached XP level 4. HP: 18/29 MP: 7/7
  1448 | D:2      | Found a basalt altar of Yredelemnul.
  2614 | D:2      | Slain by an orc

Illustrated notes

Levels and vault maps discovered:
D:1:      amcnicky_arrival_underground_garden, layout_loops_ring, serial_shops,
          nicolae_shop_trees, kennysheep_minor_cross, grunt_decor_mini_mirrors
D:2:      layout_rooms, basic_altar
D:3:      layout_basic, elyvilon_altar_3

Action                   |  1- 3 |  4- 6 || total
-------------------------+-------+-------++-------
Melee: Unarmed           |    63 |    51 ||   114
       Tentacles         |    13 |    11 ||    24
       Constrict         |    19 |    13 ||    32
       Kick              |       |     1 ||     1
       Punch             |       |     1 ||     1
 Cast: Beastly Appendage |       |     1 ||     1
 Stab: Sleeping          |     5 |     3 ||     8
Armor: Skin              |     4 |     5 ||     9
Dodge: Dodged            |    38 |    26 ||    64

Table legend: (Time is in decaauts)
 A = Elapsed time spent in this place.
 B = Non-inter-level travel time spent in this place.
 C = Inter-level travel time spent in this place.
 D = Time resting spent in this place.
 E = Time spent auto-exploring this place.
 F = Levels seen in this place.
 G = Mean time per level.
                   A        B        C        D        E       F      G
               +--------+--------+--------+--------+--------+-----+--------+
         Total |   2606 |   2547 |     59 |    372 |   1846 |   3 |  868.7 |
       Dungeon |   2606 |   2547 |     59 |    372 |   1846 |   3 |  868.7 |
               +--------+--------+--------+--------+--------+-----+--------+

Top non-repeatable levels by time:
     D:1: 1333 daAuts
     D:2: 746 daAuts
     D:3: 527 daAuts
